 Dungeon Crawl Stone Soup version 0.25.0-9-g26727b6 (webtiles) character file.

Game seed: 14709677465157955472

1059 rednit the Cleaver (level 8, -11/74 HPs)
             Began as a Minotaur Chaos Knight on June 17, 2020.
             Was a Plaything of Xom.
             Mangled by an orc warrior
             ... wielding a +0 trident
              (17 damage)
             ... on level 6 of the Dungeon.
             The game lasted 00:12:31 (5782 turns).

rednit the Cleaver (Minotaur Chaos Knight)          Turns: 5782, Time: 00:12:32

Health: -11/74     AC:  5    Str: 16    XL:     8   Next: 6%
Magic:  7/7        EV: 11    Int: 15    God:    Xom [....*.]
Gold:   293        SH:  5    Dex: 11    Spells: 7/7 levels left

rFire    . . .     SeeInvis .   a - +0 hand axe (chaos)
rCold    . . .     Gourm    .   (no shield)
rNeg     . . .     Faith    .   b - +2 leather armour
rPois    .         Spirit   .   (helmet restricted)
rElec    .         Reflect  +   (no cloak)
rCorr    .         Harm     .   (no gloves)
MR       .....                  (no boots)
Stlth    +.........             k - amulet of reflection
HPRegen  0.22/turn              l - +6 ring of intelligence
MPRegen  0.10/turn              (no ring)

@: slowed, very slow
A: retaliatory headbutt, horns 2, iridescent scales 1, deformed body, weak 1
a: Renounce Religion


You were on level 6 of the Dungeon.
You worshipped Xom.
You were a beloved toy of Xom.
You were near starving.

You visited 1 branch of the dungeon, and saw 6 of its levels.

You collected 293 gold pieces.

Inventory:

Hand Weapons
 a - a +0 hand axe of chaos (weapon)
Missiles
 f - 16 boomerangs (quivered)
Armour
 b - a +2 leather armour (worn)
Jewellery
 k - an amulet of reflection (around neck)
 l - a +6 ring of intelligence (left hand)
 u - an uncursed ring of poison resistance {unknown}
Wands
 h - a wand of random effects (11)
Scrolls
 e - 3 scrolls of teleportation
 g - 3 scrolls of remove curse
 i - 4 scrolls of magic mapping {unknown}
 j - 2 scrolls of fog {unknown}
 n - 2 scrolls of immolation {unknown}
 o - a scroll of amnesia {unknown}
 s - 2 scrolls of enchant armour {unknown}
 t - 3 scrolls of blinking {unknown}
 w - a scroll of random uselessness {unknown}
Potions
 m - a potion of brilliance
 p - a potion of flight
Comestibles
 c - 11 rations


   Skills:
 - Level 8.0 Fighting
 + Level 9.5 Axes
 - Level 2.4 Armour
 - Level 1.1 Dodging


You had 7 spell levels left.
You didn't know any spells.
Your spell library was empty.

Dungeon Overview and Level Annotations

Branches:
Dungeon (6/15)             Temple (0/1) D:5

Altars:
Ashenzari
Elyvilon
Gozag
Hepliaklqana
Makhleb
Ru
Trog
Uskayaw
Xom

Shops:
D:5 :

Annotations:
D:4 3 runed translucent doors, Apothem's ghost, novice GnFi; Sin92's ghost, amateur GrFi


Innate Abilities, Weirdness & Mutations

You reflexively headbutt those who attack you in melee.
You have a pair of horns on your head.
You are partially covered in iridescent scales. (AC +2)
Armour fits poorly on your strangely shaped body.
You are weak. (Str -2)


Message History

You kill the orc!
The now-empty wand crumbles to dust.
The orc warrior hits you from afar with a +0 trident!
* * * LOW HITPOINT WARNING * * *
An orc comes into view. It is wielding a +0 flail.
You closely miss the orc. You headbutt the orc!
You kill the orc!
You block the orc warrior's attack.
You barely miss the orc. The orc barely misses you.
The orc warrior hits you from afar with a +0 trident!
* * * LOW HITPOINT WARNING * * *
Okay, then.
The orc warrior barely misses you.
You see here 2 stones.
You barely miss the orc warrior.
The orc warrior is almost dead.
The orc warrior completely misses you.
The orc warrior hits you with a +0 trident!
You die...
Xom chortles!

..# #####.### ###
#.......# #.....>.#
#.......# #.......# . #
#.(.....# ##.. ##
#.......## .....
.####........#####......
.'..............@oo)....
.####....###.######.....
## #..#.# #.# #.. #
#.##.# #.# #.##.# #.#
#.##.###.# #...>....#
####.##### ##### #.#


You could see an orc warrior (corroded) and an orc.

Vanquished Creatures
  An orc warrior (D:5)
  2 ogres (D:4)
  A bullfrog (D:5)
  2 scorpions
  A howler monkey (D:2)
  A centaur zombie (D:5)
  A hound (D:5)
  An orc priest (D:5)
  A jelly (D:5)
  2 orc wizards
  2 worker ants
  7 gnolls
  A howler monkey skeleton (D:5)
  4 adders
  An ooze (D:1)
  5 dart slugs
  4 leopard geckos
  13 orcs
  3 ball pythons
  A giant cockroach (D:5)
  4 goblins
  6 hobgoblins
  9 jackals
  8 bats
  4 frilled lizards
  6 kobolds
  A leopard gecko skeleton (D:4)
  4 rats
96 creatures vanquished.

Vanquished Creatures (collateral kills)
  An ogre (D:5)
  2 gnolls (D:4)
  An orc (D:5)
  A frilled lizard (D:5)
5 creatures vanquished.

Vanquished Creatures (others)
  An ogre (D:5)
  A howler monkey skeleton (D:5)
  4 withered plants (D:4)
6 creatures vanquished.

Grand Total: 107 creatures vanquished

Notes
Turn   | Place    | Note
-------+----------+-------------------------------------------
     0 | D:1      | rednit the Minotaur Chaos Knight began the quest for the
                  | Orb.
     0 | D:1      | Reached XP level 1. HP: 19/19 MP: 0/0
    85 | D:1      | Reached XP level 2. HP: 25/28 MP: 1/1
    91 | D:1      | XOM: silly message
   208 | D:1      | XOM: silly message
   217 | D:1      | Reached skill level 5 in Fighting
   351 | D:1      | XOM: silly message
   431 | D:1      | Reached XP level 3. HP: 36/36 MP: 2/2
   445 | D:1      | XOM: silly message
   588 | D:1      | XOM: silly message
  1453 | D:2      | XOM: god gift: glowing steel amulet {god gift}
  1472 | D:2      | Reached XP level 4. HP: 38/44 MP: 3/3
  2485 | D:3      | Found a hide-covered altar of Uskayaw.
  2515 | D:3      | Reached XP level 5. HP: 44/52 MP: 4/4
  2736 | D:3      | XOM: give mutation
  2736 | D:3      | Gained mutation: You are weak. (Str -2) [Xom's mischief]
  3105 | D:4      | XOM: 3-stop teleportation journey
  3106 | D:4      | Noticed an ogre
  3115 | D:4      | XOM: swap monsters
  3132 | D:4      | Killed an ogre
  3132 | D:4      | Reached skill level 4 in Axes
  3132 | D:4      | Reached XP level 6. HP: 54/61 MP: 5/5
  3274 | D:4      | Found a hazy altar of Hepliaklqana.
  3291 | D:4      | XOM: scenery: create altars
  3540 | D:4      | Reached skill level 5 in Axes
  3602 | D:4      | Reached skill level 6 in Axes
  3639 | D:4      | Found a runed translucent gate.
  3639 | D:4      | Found a runed translucent gate.
  3639 | D:4      | Found a runed translucent gate.
  3639 | D:4      | Noticed Apothem's ghost (novice GnFi)
  3640 | D:4      | Noticed Sin92's ghost (amateur GrFi)
  3700 | D:5      | Entered Level 5 of the Dungeon
  3707 | D:5      | Found a white marble altar of Elyvilon.
  3766 | D:5      | Found an opulent altar of Gozag.
  3818 | D:5      | Found a burning altar of Makhleb.
  3820 | D:5      | Found a bloodstained altar of Trog.
  3821 | D:5      | Reached XP level 7. HP: 68/68 MP: 6/6
  3826 | D:5      | Found a sacrificial altar of Ru.
  3837 | D:5      | XOM: potion effect (curing)
  3839 | D:5      | Reached skill level 7 in Axes
  3890 | D:5      | Found a shattered altar of Ashenzari.
  3893 | D:5      | XOM: fog
  3894 | D:5      | XOM: summons 7 friendly demons
  3898 | D:5      | XOM: butterfly on damage
  3904 | D:5      | HP: 1/68 [something (16)]
  3904 | D:5      | XOM: smoke on damage
  4084 | D:4      | XOM: give mutation
  4084 | D:4      | Gained mutation: You are partially covered in iridescent
                  | scales. (AC +2) [Xom's grace]
  4505 | D:5      | XOM: god gift: wand of acid (3)
  4506 | D:5      | XOM: confuse monster(s)
  4515 | D:5      | Reached skill level 8 in Axes
  4940 | D:5      | Found Kenasi's Book Shop.
  5029 | D:5      | Found a staircase to the Ecumenical Temple.
  5077 | D:5      | Reached skill level 9 in Axes
  5113 | D:5      | XOM: divination: detect creatures
  5187 | D:5      | XOM: give mutation
  5187 | D:5      | Gained mutation: Armour fits poorly on your strangely
                  | shaped body. [Xom's mischief]
  5400 | D:6      | Reached XP level 8. HP: 34/74 MP: 7/7
  5775 | D:6      | XOM: potion effect (curing)
  5782 | D:6      | Mangled by an orc warrior

Illustrated notes

Levels and vault maps discovered:
D:1:      mrwooster_arrival_statue_2, layout_loops_ring
D:2:      layout_basic
D:3:      layout_basic, old_standard_altar, first_ration, minmay_unequal
D:4:      layout_cave_pools, lemuel_crystal_altar, gammafunk_ghost_cemetery,
          supply_closet_lemuel, st_stairs_4, corexii_hall_statues_i
D:5:      layout_loops_cross, old_standard_altar, nicolae_gozag_seed_capital,
          grunt_temple_overflow_open, minmay_temple_entry_waves, serial_shops,
          shop
D:6:      layout_loops_corners, serial_shops, shop, uniq_pikel

Skill      XL: |  1  2  3  4  5  6  7 |
---------------+----------------------+-----
Fighting       | 4 5 6 7 8 |  8.0
Axes           | 4 6 9 |  9.5
Armour         | |  2.4
Dodging        | |  1.1

Action                   |  1- 3 |  4- 6 |  7- 9 || total
-------------------------+-------+-------+-------++-------
Melee: Hand axe          |    73 |   126 |    72 ||   271
       Headbutt          |     8 |    15 |     8 ||    31
Throw: Boomerang         |     5 |     2 |     3 ||    10
Evoke: Wand              |       |     2 |     4 ||     6
  Use: Scroll            |     1 |     3 |     3 ||     7
       Potion            |       |     2 |     2 ||     4
 Stab: Invisible         |       |     3 |       ||     3
       Petrified         |       |     2 |       ||     2
       Paralysed         |       |       |     1 ||     1
  Eat: Chunk             |     2 |     7 |     1 ||    10
       Ration            |       |       |     1 ||     1
Armor: Leather armour    |    32 |    39 |     8 ||    79
Dodge: Dodged            |    40 |    68 |    37 ||   145
Block: Other             |       |    31 |    14 ||    45
       Reflection        |       |     1 |       ||     1
